cohdb
Replays
Latest Replays
All Replays
Popular Replays
Top Player Replays
Match Explorer
How It Works
Community
CoH3 Stats
Reddit
Sign in to upload your games and track your stats! →
Sign in with Steam
Match 43109385
Unlisted
Match 43109385
Overview
Messages
Build Orders
End
Engineer Squad
Construct Barracks
Selects Airborne Battlegroup
Selects Heavy Machine Gun Paradrop
Riflemen Squad
Heavy Machine Gun Paradrop
Riflemen Squad
Infantry Support Center
Grenade Package
.30 cal Machine Gun
Construct Motor Pool
Selects Paratrooper Squad Paradrop
Paratrooper Squad Paradrop
M24 Chaffee Light Tank
Paratrooper Squad Paradrop
Construct Medical Station
Selects Smoke Bombing Run
Selects Supply Drop
M8 Greyhound Armored Car
M1918 Browning Automatic Rifles
M1 Anti-tank Gun Team
Selects Carpet Bombing Run
Construct Tank Depot
Carpet Bombing Run
Paratrooper Squad Paradrop
Carpet Bombing Run
M18 Hellcat Tank Destroyer
GoosePunch
sortfisk
MrSnooze
updater
0
0
Comments
sign in to comment!
No comments posted yet!